[Event "Titled Tuesday Blitz December 06 Early 2022"]
[White "Han, Yichen"]
[Black "Slovineanu"]
[WhiteFideId "1054430"]
[WhiteElo "2323"]
[BlackElo "2241"]
[Result "1-0"]
[Round "04"]
[TimeControl "180+1"]
[Date "2022.12.07"]
[WhiteClock "0:01:29"]
[BlackClock "0:00:42"]

1. e4 c6 2. Nc3 d5 3. Nf3 dxe4 4. Nxe4 Nf6 5. Qe2 Nxe4 6. Qxe4 Qd5 7. Qf4 Qf5 8. Qg3 Qxc2 9. Be2 Qg6 10. Qc7 Na6 11. Bxa6 bxa6 12. O-O Qd6 13. Qa5 e6 14. d4 Be7 15. Be3 Qb4 16. Qe5 Bf6 17. Qe4 O-O 18. Bg5 Qe7 19. Bxf6 Qxf6 20. Qxc6 Rb8 21. Qc3 Bb7 22. Ne5 Rfc8 23. Qg3 Rd8 24. Rac1 Bd5 25. Nd7 Qg6 26. Qxg6 hxg6 27. Nxb8 Rxb8 28. b3 a5 29. Rc7 a6 30. Rfc1 1-0


[Site "https://www.chess.com"]

[Event "Titled Tuesday Blitz December 06 Early 2022"]
[White "Hansen, Eric"]
[Black "Golizadeh, Asghar"]
[WhiteFideId "2606771"]
[BlackFideId "12505269"]
[WhiteElo "2568"]
[BlackElo "2403"]
[Result "1-0"]
[Round "04"]
[TimeControl "180+1"]
[Date "2022.12.07"]
[WhiteClock "0:02:21"]
[BlackClock "0:02:07"]

1. Nf3 Nf6 2. g3 e6 3. Bg2 d5 4. O-O c5 5. c4 Nc6 6. cxd5 exd5 7. d4 c4 8. Ne5 Bd6 9. Bf4 O-O 10. Nc3 Ne7 11. Bg5 Be6 12. b3 cxb3 13. Qxb3 Bxe5 14. dxe5 d4 15. Qxb7 Rb8 16. Qxa7 Ra8 17. Qxa8 Qxa8 18. Bxa8 dxc3 19. exf6 Nf5 20. Be4 Nd4 21. Bd3 Rb8 22. Be3 1-0


[Site "https://www.chess.com"]

[Event "Titled Tuesday Blitz December 06 Early 2022"]
[White "Harikrishna, Pentala"]
[Black "Pakleza, Zbigniew"]
[WhiteFideId "5007003"]
[BlackFideId "1119290"]
[WhiteElo "2617"]
[BlackElo "2410"]
[Result "1-0"]
[Round "04"]
[TimeControl "180+1"]
[Date "2022.12.06"]
[WhiteClock "0:00:47"]
[BlackClock "0:00:09"]

1. Nf3 d5 2. g3 Nf6 3. Bg2 c6 4. O-O Bf5 5. d3 e6 6. c4 dxc4 7. dxc4 Qxd1 8. Rxd1 Nbd7 9. Nc3 a5 10. Bf4 h6 11. Nd4 Bg6 12. Nxc6 bxc6 13. Nb5 cxb5 14. Bxa8 bxc4 15. Rac1 Bc5 16. Rxc4 Ke7 17. Bc6 Rc8 18. Rxc5 e5 19. Be3 Nxc5 20. Bxc5+ Ke6 21. Rd6+ Kf5 22. f3 e4 23. Bd4 exf3 24. exf3 h5 25. Rxf6+ gxf6 26. Bd7+ 1-0


[Site "https://www.chess.com"]

[Event "Titled Tuesday Blitz December 06 Early 2022"]
[White "Harshavardhan G B"]
[Black "Mazurkiewicz, Michal"]
[WhiteFideId "25059009"]
[BlackFideId "1124943"]
[WhiteElo "2323"]
[BlackElo "2081"]
[Result "1-0"]
[Round "04"]
[TimeControl "180+1"]
[Date "2022.12.07"]
[WhiteClock "0:01:11"]
[BlackClock "0:00:01"]

1. d4 Nf6 2. Nf3 g6 3. Bg5 Bg7 4. Nbd2 O-O 5. c3 c6 6. e4 d5 7. e5 Ne4 8. Bf4 Nxd2 9. Qxd2 Qb6 10. Be2 c5 11. O-O cxd4 12. cxd4 Nc6 13. Rfd1 Bf5 14. Bh6 Rac8 15. Bxg7 Kxg7 16. Qg5 Qxb2 17. Bf1 Be4 18. Nh4 Nxd4 19. Qxe7 Rce8 20. Qc5 Ne6 21. Qe3 Bc2 22. Rdc1 d4 23. Qd2 Rc8 24. Bd3 Nf4 25. Bxc2 Rxc2 26. Qxc2 Ne2+ 27. Kf1 Qxc2 28. Rxc2 Nf4 29. Nf3 1-0


[Site "https://www.chess.com"]

[Event "Titled Tuesday Blitz December 06 Early 2022"]
[White "Ibarra Jerez, Jose Carlos"]
[Black "Lawson, Eric"]
[WhiteFideId "2226332"]
[BlackFideId "2604116"]
[WhiteElo "2638"]
[BlackElo "2572"]
[Result "1/2-1/2"]
[Round "04"]
[TimeControl "180+1"]
[Date "2022.12.07"]
[WhiteClock "0:00:07"]
[BlackClock "0:00:11"]

1. e4 c5 2. Nf3 Nc6 3. Bb5 g6 4. Bxc6 dxc6 5. d3 Bg7 6. h3 Nf6 7. Nc3 Nd7 8. Be3 e5 9. Qd2 Qe7 10. O-O Nf8 11. Bh6 Bxh6 12. Qxh6 f6 13. Qd2 Ne6 14. Ne2 Nd4 15. Nfxd4 cxd4 16. c3 c5 17. f4 O-O 18. f5 gxf5 19. exf5 Kh8 20. Ng3 Bd7 21. Rae1 Bc6 22. Ne4 Rad8 23. c4 Rg8 24. Kh2 Rg7 25. Qf2 Rdg8 26. g4 Qf8 27. Qh4 Bxe4 28. Rxe4 Rg5 29. Kg3 h5 30. Kf2 Qh6 31. Ke2 Kg7 32. Qf2 hxg4 33. h4 Rh5 34. Rxg4+ Kf7 35. Rxg8 Kxg8 36. Rg1+ Kf8 37. Rg6 Qc1 38. Rxf6+ Ke7 39. Re6+ Kf7 40. Rxe5 Qc2+ 41. Kf3 Qxd3+ 42. Kg4 Rh8 43. f6 Rg8+ 44. Rg5 Qe4+ 45. Kg3 Qe5+ 46. Qf4 Qxf4+ 47. Kxf4 Rg6 48. Rxc5 Kxf6 49. Rf5+ Ke6 50. Re5+ Kf6 51. Rd5 Rg2 52. b4 Rxa2 53. Ke4 Rh2 54. h5 Rh4+ 55. Kd3 b6 56. b5 Ke6 57. Rg5 Kd6 58. Rg6+ Kc5 59. Rc6+ Kb4 60. h6 Ka5 61. Kd2 a6 62. bxa6 Kxa6 63. c5 Kb7 64. Rxb6+ Kc7 65. Rd6 Kb7 66. Kd3 Kc7 67. Kc4 Kb7 68. Rg6 Kc7 69. Kb5 d3 70. Rg7+ Kd8 71. h7 d2 72. Rg1 Rxh7 73. Rd1 Rh2 74. Kc6 Kc8 75. Rg1 Rh6+ 76. Kb5 Kc7 77. Rg7+ Kc8 78. Rg8+ Kc7 79. Rg7+ Kc8 80. Rg1 Rh4 81. Rd1 Rd4 82. Kb6 Kd7 83. Kb5 Kc7 84. c6 Rd5+ 85. Kc4 Kxc6 86. Kc3 Kc5 87. Rxd2 Rxd2 88. Kxd2 1/2-1/2


[Site "https://www.chess.com"]

[Event "Titled Tuesday Blitz December 06 Early 2022"]
[White "Ismayil, Malak"]
[Black "Carrasco Miranda, Andres"]
[WhiteFideId "13412604"]
[BlackFideId "3405990"]
[WhiteElo "1880"]
[BlackElo "2183"]
[Result "1/2-1/2"]
[Round "04"]
[TimeControl "180+1"]
[Date "2022.12.07"]
[WhiteClock "0:00:21"]
[BlackClock "0:00:10"]

1. e4 c5 2. Nf3 d6 3. Bb5+ Nd7 4. Bxd7+ Bxd7 5. O-O Nf6 6. Qe2 Bc6 7. d3 g6 8. Bg5 Bg7 9. Nbd2 O-O 10. c3 b5 11. d4 b4 12. cxb4 cxb4 13. Rac1 Rc8 14. Rfd1 h6 15. Bh4 g5 16. Bg3 Nh5 17. h4 Nxg3 18. fxg3 e6 19. hxg5 hxg5 20. Nf1 Qe7 21. Qe3 f5 22. exf5 Rxf5 23. g4 Rf4 24. d5 Bd7 25. Rxc8+ Bxc8 26. dxe6 Qxe6 27. Qxe6+ Bxe6 28. Nxg5 Bxa2 29. Nh2 Bd4+ 30. Kh1 a5 31. Nhf3 Bc5 32. Re1 Rf6 33. Ra1 b3 34. Ne4 Rh6+ 35. Nh2 a4 36. g5 Rh4 37. Nf6+ Kf7 38. g3 Rxh2+ 39. Kxh2 a3 40. bxa3 b2 41. Rf1 b1=Q 42. Rxb1 Bxb1 43. a4 Kg6 44. Nd5 Kxg5 45. a5 Be4 46. Nc3 Bc6 47. a6 d5 48. Ne2 d4 49. Nxd4 Bxd4 50. Kh3 Bb5 51. a7 Bxa7 52. g4 Bd7 53. Kg3 Bxg4 54. Kg2 Kf4 55. Kf1 Be3 56. Kg2 Bf3+ 57. Kh2 Bb7 58. Kh3 Bf2 59. Kh2 Bg3+ 60. Kh3 Bf2 61. Kh2 Ba7 62. Kh3 Kg5 63. Kg3 Bb8+ 64. Kf2 Kf4 65. Ke2 Be4 66. Kf2 Ba7+ 67. Ke2 Bf5 68. Kd2 Be3+ 69. Ke2 Ke4 70. Ke1 Bg4 71. Kf1 Ba7 72. Kg2 Kf4 73. Kf1 Ke3 74. Kg2 Bf3+ 75. Kg3 Bb8+ 76. Kh3 Bf4 77. Kh4 Ke4 78. Kh3 Kf5 79. Kh4 Be2 80. Kh3 Be5 81. Kh4 Bf6+ 82. Kh3 Kf4 83. Kg2 Bf3+ 84. Kf2 Bd4+ 85. Kf1 Ke3 86. Ke1 Bc3+ 87. Kf1 Be2+ 88. Kg2 Bf3+ 89. Kg3 Be4 90. Kg4 Bf6 91. Kh5 Kf4 92. Kh6 Bg5+ 93. Kg7 Kf5 94. Kf7 Bc1 95. Ke7 Bb2 96. Kd6 Bc2 97. Kc5 Ke4 98. Kc4 Bd4 99. Kb4 Bd3 100. Kb3 Kd5 101. Kb4 Kc6 102. Kb3 Kb5 103. Ka3 Bc4 1/2-1/2


[Site "https://www.chess.com"]

[Event "Titled Tuesday Blitz December 06 Early 2022"]
[White "Itgelt, Khuyagtsogt"]
[Black "Holt, Conrad"]
[WhiteFideId "4902912"]
[BlackFideId "2034387"]
[WhiteElo "2227"]
[BlackElo "2592"]
[Result "0-1"]
[Round "04"]
[TimeControl "180+1"]
[Date "2022.12.07"]
[WhiteClock "0:00:08"]
[BlackClock "0:01:30"]

1. d4 d5 2. c4 c6 3. Nc3 dxc4 4. e3 b5 5. a4 b4 6. Ne4 Qd5 7. Nd2 c3 8. bxc3 bxc3 9. Nb1 Qa5 10. Qc2 Na6 11. Qxc3 Nb4 12. Bd2 e6 13. Nf3 Nf6 14. Qc1 Ba6 15. Bxb4 Bxb4+ 16. Nbd2 O-O 17. Qc2 c5 18. dxc5 Rfc8 19. c6 Rab8 20. Be2 Rb6 21. Kf1 Rbxc6 22. Qd1 Bxe2+ 23. Qxe2 Rc1+ 0-1


[Site "https://www.chess.com"]

[Event "Titled Tuesday Blitz December 06 Early 2022"]
[White "Jiganchine, Roman"]
[Black "Ilkhomi, Jaloliddin"]
[WhiteFideId "2603667"]
[BlackFideId "14700948"]
[WhiteElo "2333"]
[BlackElo "2045"]
[Result "1/2-1/2"]
[Round "04"]
[TimeControl "180+1"]
[Date "2022.12.07"]
[WhiteClock "0:00:03"]
[BlackClock "0:00:13"]

1. e4 e6 2. d4 d5 3. Nd2 Nf6 4. Bd3 c5 5. c3 Nc6 6. Ngf3 cxd4 7. cxd4 dxe4 8. Nxe4 Nxe4 9. Bxe4 Bb4+ 10. Bd2 Bxd2+ 11. Qxd2 Bd7 12. O-O O-O 13. d5 exd5 14. Bxd5 Qb6 15. Ng5 Ne5 16. Rfe1 Qf6 17. Rxe5 Qxe5 18. Nxf7 Qf6 19. Ne5+ Be6 20. Nd7 Qf7 21. Bxe6 Qxe6 22. Nxf8 Rxf8 23. b3 h6 24. h3 Kh8 25. Re1 Qf6 26. Re3 b6 27. Kh2 Qf4+ 28. Kg1 Qf6 29. Qe1 Qc6 30. Rc3 Qd7 31. Re3 a5 32. Re7 Qc6 33. Qe5 Qg6 34. Qe4 Qh5 35. Qe5 Qg6 36. f3 Rxf3 37. Rxg7 Qf6 38. Qxf6 Rxf6 39. Rb7 Rc6 40. Kh2 Kg8 41. Kg3 Rc2 42. Kh2 Rxa2 43. Rxb6 Kg7 44. Kg3 Rb2 45. Rb5 Ra2 46. Kf3 Kf7 47. g3 Kg7 48. Kg4 a4 49. bxa4 Rxa4+ 50. Kf3 Ra3+ 51. Kg2 Kg6 52. Rc5 Kf6 53. Rb5 Kg6 54. Rc5 Rb3 55. h4 Rb2+ 56. Kh3 h5 57. Rd5 Rb3 58. Rg5+ Kh6 59. Rg8 Rb6 60. Rh8+ Kg6 61. Ra8 Rc6 62. Ra5 Rb6 63. Rg5+ Kh6 64. g4 Rb3+ 65. Kg2 hxg4 66. Rxg4 Kh5 67. Rf4 Rb2+ 68. Kg3 Rb3+ 69. Kg2 Ra3 70. Kh2 Rc3 71. Kg2 Kg6 72. Kh2 Ra3 73. Rg4+ Kf5 74. Rb4 Kg6 75. Kg2 Rc3 76. Kh2 Rd3 77. Kg2 Rd2+ 78. Kg3 Rd3+ 79. Kg2 Rd1 80. Kg3 Kh5 81. Kg2 Rd8 82. Kg3 Rd3+ 83. Kg2 Ra3 84. Kf2 Kg6 85. Kg2 Kf5 86. Kf2 Rh3 87. Kg2 Rc3 88. Kf2 Rc8 89. Kg3 Rg8+ 90. Kf3 Ra8 91. Rb5+ Kg6 92. h5+ Kh6 93. Kg4 Ra4+ 94. Kg3 Ra3+ 95. Kg4 Ra4+ 96. Kg3 Ra1 97. Kg4 Rg1+ 98. Kh4 Rh1+ 99. Kg4 Rg1+ 100. Kh4 Ra1 101. Kg4 Ra6 102. Kh4 Rc6 103. Kg4 Kh7 104. Kg5 Rc7 105. Rd5 Ra7 106. Kf5 Rg7 107. Kf4 Rg1 108. Kf3 Kh6 109. Kf4 Rg8 110. Kf3 Rf8+ 111. Kg4 Rg8+ 112. Kf4 Ra8 113. Kg4 Ra4+ 114. Kf3 Rb4 115. Kg3 Kg7 116. Kf3 Kf6 117. Kg3 Ke6 118. Ra5 Kf6 119. Kf3 Rh4 120. Kg3 Rh1 121. Kg2 Rb1 122. Kg3 Kg7 123. Kg4 Rb4+ 124. Kg3 Rb7 125. Kg4 Rc7 126. Kg3 Kh7 127. Kg4 Rg7+ 128. Kf4 Rd7 129. Kg4 Rd4+ 130. Kg5 Rd1 131. Kg4 Rg1+ 132. Kf4 Kh6 133. Kf3 Rg5 134. Rxg5 Kxg5 135. h6 Kg6 136. h7 Kg7 137. h8=Q+ Kxh8 1/2-1/2


[Site "https://www.chess.com"]

[Event "Titled Tuesday Blitz December 06 Early 2022"]
[White "Jimenez Almeida, Luis David"]
[Black "Nepo"]
[WhiteFideId "22242244"]
[WhiteElo "2158"]
[BlackElo "2239"]
[Result "1-0"]
[Round "04"]
[TimeControl "180+1"]
[Date "2022.12.07"]
[WhiteClock "0:01:01"]
[BlackClock "0:00:31"]

1. e4 e5 2. Nf3 Nf6 3. d4 Nxe4 4. Bd3 d5 5. Nxe5 Nd7 6. Nd2 Nxe5 7. dxe5 Nc5 8. Be2 Be7 9. O-O O-O 10. f4 Bf5 11. Nf3 Ne4 12. Be3 c5 13. c3 Qd7 14. Qe1 Rad8 15. Rd1 Qc6 16. h3 Qc8 17. Kh2 h5 18. Nh4 Bxh4 19. Qxh4 g6 20. g4 hxg4 21. hxg4 Kg7 22. gxf5 Rh8 23. f6+ Kg8 24. Qxh8+ Kxh8 25. Kg2 Kg8 26. Rh1 Qf5 27. Rh6 Nxf6 28. exf6 Qe4+ 29. Bf3 Qe6 30. Bxc5 Qxf6 31. Bd4 Qxf4 32. Rh8# 1-0


[Site "https://www.chess.com"]

[Event "Titled Tuesday Blitz December 06 Early 2022"]
[White "Jobava, Baadur"]
[Black "Madaminov, Mukhiddin"]
[WhiteFideId "13601520"]
[BlackFideId "14210703"]
[WhiteElo "2582"]
[BlackElo "2333"]
[Result "1-0"]
[Round "04"]
[TimeControl "180+1"]
[Date "2022.12.06"]
[WhiteClock "0:00:06"]
[BlackClock "0:00:03"]

1. e4 e5 2. Nf3 Nc6 3. d4 exd4 4. Nxd4 Qf6 5. Nb3 Qg6 6. Nc3 Bb4 7. Bd2 Bxc3 8. Bxc3 Qxe4+ 9. Be2 Qxg2 10. Bf3 Qg5 11. Qe2+ Nge7 12. h4 Qh6 13. Rg1 Rg8 14. Nd2 d6 15. O-O-O Be6 16. Kb1 O-O-O 17. Ne4 Nd5 18. Bd2 Qxh4 19. Bg5 Qh3 20. Bxd8 Rxd8 21. Ng5 Nf4 22. Qe3 Qf5 23. Nxe6 Nxe6 24. Bxc6 bxc6 25. Qxa7 Kd7 26. b3 h5 27. a4 h4 28. Qe3 g5 29. Rd2 Rh8 30. Rgd1 Qf4 31. Qa7 d5 32. a5 h3 33. Rd3 h2 34. Rh1 Qg4 35. Rdd1 Rh3 36. a6 Qe4 37. Qb8 Nc5 38. a7 Rxb3+ 39. Qxb3 Nxb3 40. a8=Q Qb4 41. Qa2 Nd2+ 42. Kc1 Nc4 43. Qb3 Qd6 44. Kb1 Qf4 45. Qd3 Kc8 46. Qd4 Qf5 47. Kc1 Qe6 48. Rxh2 Qd6 49. Rh8+ Kb7 50. Rd3 c5 51. Qa1 Kc6 52. Qa4+ Kb7 53. Rb3+ Nb6 54. Qa8# 1-0


[Site "https://www.chess.com"]

[Event "Titled Tuesday Blitz December 06 Early 2022"]
[White "Kamsky, Gata"]
[Black "Herman, Daniel"]
[WhiteFideId "2000024"]
[BlackFideId "30935008"]
[WhiteElo "2666"]
[BlackElo "1897"]
[Result "1-0"]
[Round "04"]
[TimeControl "180+1"]
[Date "2022.12.07"]
[WhiteClock "0:00:27"]
[BlackClock "0:00:09"]

1. d4 Nf6 2. Nf3 g6 3. c3 Bg7 4. Bf4 O-O 5. Nbd2 d6 6. e4 Nc6 7. Be2 Qe8 8. O-O e5 9. dxe5 dxe5 10. Bg5 Be6 11. Re1 h6 12. Bh4 g5 13. Bg3 Nh5 14. Bc4 Nf4 15. Qc2 Bxc4 16. Nxc4 Qe6 17. Ne3 Ne7 18. Qb3 b6 19. Qxe6 fxe6 20. Rad1 Rad8 21. Rxd8 Rxd8 22. a4 Neg6 23. h4 Bf6 24. Ng4 Kg7 25. hxg5 hxg5 26. Ne3 Rd3 27. Rd1 a6 28. Kf1 b5 29. axb5 axb5 30. Ne1 Rd6 31. f3 Be7 32. Bf2 Bf6 33. g3 Nh3 34. Kg2 Nxf2 35. Kxf2 Rxd1 36. Nxd1 Be7 37. Nd3 Bd6 38. Ne3 Kf7 39. b3 Ke7 40. c4 bxc4 41. bxc4 Kd7 42. Kg2 Kc6 43. Kh3 Bc5 44. Nc2 Bd4 45. Kg4 Be3 46. Nxe3 1-0


[Site "https://www.chess.com"]

[Event "Titled Tuesday Blitz December 06 Early 2022"]
[White "Kashtanov, Ruslan"]
[Black "Piesik, Piotr"]
[WhiteFideId "4124871"]
[BlackFideId "1136194"]
[WhiteElo "2276"]
[BlackElo "2316"]
[Result "0-1"]
[Round "04"]
[TimeControl "180+1"]
[Date "2022.12.07"]
[WhiteClock "0:00:01"]
[BlackClock "0:00:48"]

1. d4 c5 2. d5 e5 3. e4 d6 4. Nc3 Be7 5. Nf3 a6 6. a4 Bg4 7. a5 Nd7 8. Bd3 Bxf3 9. Qxf3 Bg5 10. Bxg5 Qxg5 11. h4 Qf6 12. Qe2 Ne7 13. h5 h6 14. Na4 Qg5 15. g3 f5 16. c4 f4 17. g4 f3 18. Qxf3 Rf8 19. Qe2 Rf4 20. f3 Kf8 21. Rh3 Kg8 22. Rb1 Rc8 23. b4 cxb4 24. Rxb4 Rc7 25. Kd1 Kh7 26. Kc2 Ng8 27. Kb2 Ngf6 28. Qc2 Kg8 29. Qb3 Nc5 30. Nxc5 Rxc5 31. Rxb7 Nxg4 32. Rg3 Qxh5 33. Rxg4 Rxg4 34. fxg4 Qxg4 35. Qc3 h5 36. Rb6 h4 37. Qe1 h3 38. Rb8+ Kh7 39. Be2 Qxe4 40. Qg3 Qd4+ 41. Kb3 Rxa5 0-1


[Site "https://www.chess.com"]

[Event "Titled Tuesday Blitz December 06 Early 2022"]
[White "Kazakouski, Valery"]
[Black "Manukyan, Sargis A."]
[WhiteFideId "13507443"]
[BlackFideId "13303970"]
[WhiteElo "2516"]
[BlackElo "2187"]
[Result "1/2-1/2"]
[Round "04"]
[TimeControl "180+1"]
[Date "2022.12.07"]
[WhiteClock "0:00:08"]
[BlackClock "0:00:11"]

1. Nf3 Nf6 2. c4 c5 3. b3 g6 4. Bb2 Bg7 5. g3 O-O 6. Bg2 Nc6 7. O-O a6 8. d4 cxd4 9. Nxd4 Rb8 10. c5 Qa5 11. Qc1 Ng4 12. e3 Nge5 13. Rd1 Nb4 14. Qc3 b6 15. a3 Nbc6 16. Nxc6 dxc6 17. Qxa5 bxa5 18. Nd2 Be6 19. Bd4 Bxb3 20. Nxb3 Rxb3 21. h3 Rc8 22. a4 Nd3 23. Bf1 Bxd4 24. exd4 Nb4 25. Rd2 Rd8 26. Kg2 e6 27. h4 Rc3 28. Rdd1 Rb3 29. h5 Kg7 30. hxg6 hxg6 31. Be2 Rc3 32. Rab1 Ra3 33. Rd2 Rxa4 34. Bc4 Ra3 35. Kf1 Kf6 36. Ke1 a4 37. Kd1 a5 38. Be2 Rc3 39. Rc1 Rxc1+ 40. Kxc1 a3 41. Kb1 a2+ 42. Ka1 Kf5 43. Bf3 Rxd4 44. Rxd4 Nc2+ 45. Kxa2 Nxd4 46. Bg2 Ke5 47. Ka3 f5 48. Ka4 f4 49. gxf4+ Kxf4 50. Kxa5 e5 51. Kb6 g5 52. Bxc6 Nb3 53. Bd5 Nxc5 54. Kxc5 e4 55. Kd4 g4 56. Bxe4 g3 57. fxg3+ Kxg3 1/2-1/2


[Site "https://www.chess.com"]

[Event "Titled Tuesday Blitz December 06 Early 2022"]
[White "Kleiman, Jake"]
[Black "Berezin, Viktor"]
[WhiteFideId "2020041"]
[BlackFideId "14107872"]
[WhiteElo "2554"]
[BlackElo "2310"]
[Result "0-1"]
[Round "04"]
[TimeControl "180+1"]
[Date "2022.12.07"]
[WhiteClock "0:00:04"]
[BlackClock "0:00:16"]

1. Nf3 Nf6 2. g3 g6 3. Bg2 Bg7 4. O-O O-O 5. d3 d6 6. e4 Nc6 7. a4 e5 8. a5 Rb8 9. Nbd2 b5 10. axb6 axb6 11. Nc4 b5 12. Ne3 d5 13. exd5 Nxd5 14. Nxd5 Qxd5 15. Re1 Qd6 16. Bd2 Bb7 17. Ng5 Ra8 18. Ne4 Qe7 19. Be3 Rxa1 20. Qxa1 Ra8 21. Qc1 Nd4 22. Bxd4 exd4 23. Nf6+ Qxf6 24. Bxb7 Rd8 25. Bg2 c5 26. Qa1 Bf8 27. Qa7 c4 28. Qb7 b4 29. b3 cxd3 30. cxd3 Qf5 31. Be4 Qc8 32. Qb5 Qc3 33. Rb1 Rc8 34. Bd5 Qc2 35. Rf1 Rc5 36. Qd7 Rc7 37. Qb5 Rc5 38. Qd7 Rc7 39. Bxf7+ Kg7 40. Qxd4+ Kxf7 41. Qf4+ Kg8 42. d4 Rf7 43. Qe5 Qxb3 44. d5 Qd3 45. Qe6 Qd2 46. Kg2 b3 47. Kh3 b2 48. Qb6 Qxd5 49. Qxb2 Qe6+ 50. Kg2 Qf5 51. f4 Bg7 52. Qb8+ Rf8 53. Qb3+ Qf7 54. Qf3 Rd8 55. Kh3 Qe6+ 56. g4 Qc4 57. Re1 Rd3 58. Re3 Rxe3 59. Qxe3 Qc3 60. Qxc3 Bxc3 61. g5 Kf7 62. Kg4 Ke6 63. h4 Bd2 64. h5 Bc1 65. h6 Bd2 66. f5+ gxf5+ 67. Kh5 Kf7 68. Kh4 Kg6 69. Kh3 Bxg5 0-1


[Site "https://www.chess.com"]

[Event "Titled Tuesday Blitz December 06 Early 2022"]
[White "Korchmar, Vasiliy"]
[Black "Rangel, Daniel"]
[WhiteFideId "24131750"]
[BlackFideId "2124475"]
[WhiteElo "2370"]
[BlackElo "2225"]
[Result "0-1"]
[Round "04"]
[TimeControl "180+1"]
[Date "2022.12.07"]
[WhiteClock "0:00:01"]
[BlackClock "0:00:30"]

1. e4 c5 2. Nf3 g6 3. d4 cxd4 4. Nxd4 Bg7 5. c4 Nc6 6. Be3 d6 7. Nc3 Nf6 8. f3 O-O 9. Qd2 Nxd4 10. Bxd4 Bd7 11. Rc1 Bc6 12. Be2 Nd7 13. Be3 a5 14. b3 Nc5 15. O-O e6 16. Rfd1 Be5 17. Qe1 b6 18. Qf2 Qe7 19. Bd4 f5 20. exf5 Rxf5 21. Bxe5 Rxe5 22. Rd4 Rf5 23. Rcd1 Rd8 24. Qg3 e5 25. R4d2 Rg5 26. Qf2 Ne6 27. Kh1 Nf4 28. Bf1 Qf6 29. Qh4 Bxf3 30. Rxd6 Rxd6 31. Rxd6 Nxg2 32. Rxf6 Nxh4+ 33. Rxf3 Nxf3 34. Bg2 Nd4 35. Nd5 b5 36. c5 Kf8 37. Nb6 Ke7 38. Nd5+ Kd8 39. h4 Rh5 40. Nf6 Rxh4+ 41. Kg1 Rf4 42. Nd5 Ne2+ 0-1


[Site "https://www.chess.com"]

[Event "Titled Tuesday Blitz December 06 Early 2022"]
[White "Korobov, Anton"]
[Black "Buksa, Nataliya"]
[WhiteFideId "14105730"]
[BlackFideId "14123622"]
[WhiteElo "2635"]
[BlackElo "2303"]
[Result "1-0"]
[Round "04"]
[TimeControl "180+1"]
[Date "2022.12.06"]
[WhiteClock "0:00:10"]
[BlackClock "0:00:02"]

1. d4 d5 2. c4 e6 3. Nc3 Nf6 4. Bg5 Nbd7 5. e3 h6 6. Bh4 Be7 7. Nf3 O-O 8. Rc1 c5 9. Be2 dxc4 10. Bxc4 cxd4 11. Nxd4 Nb6 12. Bb3 Nfd5 13. Bxe7 Nxe7 14. O-O Bd7 15. Ne4 Bc6 16. Nxc6 Nxc6 17. Nc5 Qe7 18. Qf3 Rac8 19. Nd3 Na5 20. Bc2 Nac4 21. Rfd1 e5 22. Qg4 e4 23. Nf4 Nxb2 24. Rd4 Rfd8 25. Nh5 Qg5 26. Rxd8+ Rxd8 27. Qxg5 hxg5 28. Bxe4 Rd7 29. g4 N2c4 30. a4 a5 31. Kg2 Kf8 32. h4 gxh4 33. g5 Nd2 34. Bf5 Re7 35. Nf4 Ne4 36. g6 Nd6 37. Bd3 Ke8 38. gxf7+ Kxf7 39. Rc5 Nxa4 40. Rxa5 Nb2 41. Bg6+ 1-0


[Site "https://www.chess.com"]

[Event "Titled Tuesday Blitz December 06 Early 2022"]
[White "Kuchava, Ana"]
[Black "Devaev, Alexander"]
[WhiteFideId "13605348"]
[BlackFideId "4169395"]
[WhiteElo "2001"]
[BlackElo "2225"]
[Result "0-1"]
[Round "04"]
[TimeControl "180+1"]
[Date "2022.12.07"]
[WhiteClock "0:00:01"]
[BlackClock "0:00:08"]

1. d4 Nf6 2. Nf3 e6 3. c4 c5 4. d5 exd5 5. cxd5 d6 6. Nc3 g6 7. e4 Bg7 8. Bd3 O-O 9. O-O Bg4 10. a4 Nbd7 11. h3 Bxf3 12. Qxf3 Ne5 13. Qd1 Re8 14. Bf4 a6 15. Qc2 Qb6 16. a5 Qc7 17. Rfe1 h6 18. Bd2 Nfd7 19. Bf1 g5 20. Na4 Rac8 21. Rac1 Qd8 22. Qb3 Rb8 23. Qa3 Rc8 24. b4 c4 25. Nb2 b5 26. axb6 Qxb6 27. Nxc4 Nxc4 28. Bxc4 Ra8 29. Qa5 Qb7 30. Bb3 Nb6 31. Rc6 Rab8 32. Be3 Na8 33. Rxd6 Bf8 34. Rxa6 Bxb4 35. Qa4 Bxe1 36. Bc4 Qb1 37. Kh2 Bc3 38. Ra7 Be5+ 39. g3 Nb6 40. Qc6 Nxc4 41. Qxc4 Qb3 42. Qc6 Qb5 43. Qc2 Rbc8 44. Qa2 Qb8 45. Rd7 Rcd8 46. Ba7 Qa8 47. Rxd8 Rxd8 48. Qa3 Bb8 0-1


[Site "https://www.chess.com"]

[Event "Titled Tuesday Blitz December 06 Early 2022"]
[White "Kuznetsov, Mikhail"]
[Black "Ciuffoletti, Paolo"]
[WhiteFideId "4117190"]
[BlackFideId "807630"]
[WhiteElo "1981"]
[BlackElo "2143"]
[Result "1-0"]
[Round "04"]
[TimeControl "180+1"]
[Date "2022.12.07"]
[WhiteClock "0:00:02"]
[BlackClock "0:00:11"]

1. Nf3 d5 2. g3 Nf6 3. Bg2 g6 4. b3 Bg7 5. Bb2 O-O 6. O-O c5 7. c4 d4 8. b4 cxb4 9. Bxd4 Nc6 10. Bb2 a5 11. d3 Re8 12. Ne5 Qc7 13. Nxc6 bxc6 14. Nd2 Bb7 15. Nb3 a4 16. Nc5 Nd7 17. Bxg7 Nxc5 18. Bh6 e5 19. e3 Rad8 20. Qf3 f5 21. d4 exd4 22. exd4 Rxd4 23. Be3 Rd3 24. Rfd1 Rxd1+ 25. Rxd1 Ne4 26. Bd4 c5 27. Bb2 Nc3 28. Qd3 Nxd1 29. Qxd1 Bxg2 30. Kxg2 Qc6+ 31. Kh3 Qe6 32. Qxa4 f4+ 33. g4 Qe4 34. Qa7 Qf3+ 35. Kh4 Qxf2+ 36. Kg5 Qxb2 37. Qd7 Qe5+ 38. Kh6 Rf8 39. Qxh7# 1-0


[Site "https://www.chess.com"]

[Event "Titled Tuesday Blitz December 06 Early 2022"]
[White "Kyaw Lay Htaik"]
[Black "Belozerov, Andrei"]
[WhiteFideId "13002007"]
[BlackFideId "4120213"]
[WhiteElo "2261"]
[BlackElo "2360"]
[Result "0-1"]
[Round "04"]
[TimeControl "180+1"]
[Date "2022.12.07"]
[WhiteClock "0:00:12"]
[BlackClock "0:00:37"]

1. d4 d5 2. Nf3 Nf6 3. Bf4 c5 4. e3 Nc6 5. c3 Qb6 6. Qc2 g6 7. Nbd2 Bg7 8. h3 O-O 9. Be2 Bf5 10. dxc5 Qxc5 11. Qb3 Na5 12. Qb5 Qxb5 13. Bxb5 Ne4 14. O-O a6 15. Be2 Rfc8 16. Rfd1 Nxd2 17. Rxd2 Nc4 18. Bxc4 dxc4 19. Be5 f6 20. Bf4 e5 21. Bg3 Bf8 22. Ne1 Rd8 23. Rad1 Be7 24. f3 Rxd2 25. Rxd2 Rd8 26. Rxd8+ Bxd8 27. e4 Be6 28. Bf2 b5 29. Nc2 Kf7 30. Nb4 Bc8 31. Nd5 f5 32. Kf1 Bb7 33. Ke2 Bxd5 34. exd5 Bc7 35. Bc5 Ke8 36. Ke3 Kd7 37. g4 Bd6 38. Bb6 Bf8 39. f4 Bh6 40. g5 Bg7 41. fxe5 Bxe5 42. Bc5 Bg3 43. Bf8 Bd6 44. Bg7 Bc5+ 45. Kf4 Kd6 46. h4 Kxd5 47. h5 Bd6+ 48. Kf3 Be5 49. hxg6 hxg6 50. Bf8 Bd6 51. Bg7 Bc5 52. b3 cxb3 53. axb3 a5 54. Ke2 Ke4 0-1


[Site "https://www.chess.com"]

[Event "Titled Tuesday Blitz December 06 Early 2022"]
[White "Lakshmi C"]
[Black "Zaragatski, Ilja"]
[WhiteFideId "25035347"]
[BlackFideId "4655192"]
[WhiteElo "1942"]
[BlackElo "2460"]
[Result "0-1"]
[Round "04"]
[TimeControl "180+1"]
[Date "2022.12.07"]
[WhiteClock "0:00:01"]
[BlackClock "0:00:17"]

1. e4 e6 2. d4 d5 3. Nc3 Nc6 4. e5 a6 5. f4 Nh6 6. Nf3 Nf5 7. g4 Nh4 8. Be3 h5 9. Ng5 hxg4 10. Qxg4 Nf5 11. Qg1 Bb4 12. Bd3 Bd7 13. Bf2 Nce7 14. a3 Bxc3+ 15. bxc3 Bb5 16. h4 Qd7 17. h5 Nh6 18. Qf1 Nef5 19. Qe2 O-O-O 20. Kd2 Kb8 21. Rhb1 Bxd3 22. Qxd3 Qc6 23. Qe2 Ka7 24. Rb4 b6 25. Rab1 Rhe8 26. Kc1 f6 27. Nf3 Qxc3 28. Ra4 a5 29. Rb3 Qc6 30. Qb5 Qxb5 31. Rb1 Ng4 32. Rxb5 Nxf2 33. Raxa5+ bxa5 0-1


[Site "https://www.chess.com"]

[Event "Titled Tuesday Blitz December 06 Early 2022"]
[White "Le, Tuan Minh"]
[Black "Rustemov, Alexander"]
[WhiteFideId "12401153"]
[BlackFideId "4119002"]
[WhiteElo "2530"]
[BlackElo "2804"]
[Result "1-0"]
[Round "04"]
[TimeControl "180+1"]
[Date "2022.12.06"]
[WhiteClock "0:01:05"]
[BlackClock "0:01:54"]

1. d4 d5 2. Nf3 Nf6 3. Bf4 c5 4. c3 e6 5. e3 Bd6 6. Nbd2 O-O 7. Bd3 b6 8. Qe2 Bb7 9. O-O Qc7 10. Bxd6 Qxd6 11. Ne5 a5 12. f4 Ba6 13. Rf3 Bxd3 14. Qxd3 Nbd7 15. Rh3 c4 16. Qb1 b5 17. g4 g6 18. Qe1 Kg7 19. Qh4 h5 20. gxh5 Nxh5 21. Kh1 Rh8 22. Rg1 Nhf6 23. Qg3 Rxh3 24. Qxh3 Rh8 25. Qxh8+ 1-0


[Site "https://www.chess.com"]